Map: Traitor's Exile

Players

CHOMP

  • Race: Terran Terran
  • League: Master
  • Spawn Location: 12:00

EndlessAgony

  • Race: Zerg Zerg
  • Spawn Location: 9:00

PureLegacy - Winner!

  • Race: Terran Terran
  • League: Master
  • Spawn Location: 5:00

KirO - Winner!

  • Race: Terran Terran
  • Spawn Location: 6:00

VOD

Have the link to the VOD?

Description

Time

  • Played on: Dec. 2, 2018, 4:40 p.m.
  • Length: 2:45
Show
View Real Time Build Order
Export as new Build Order

CHOMP Terran 

Build Orders:  

Get SALT Encoding   

  12  0:10  SCV  
  13  0:23  SCV  
  13  0:25  Supply Depot  
  14  0:30  Refinery  
  14  0:35  SCV  
  15  0:47  SCV  
  16  0:51  Barracks  
  16  1:01  SCV  
  17  1:05  Refinery  
  17  1:13  SCV  
  18  1:25  SCV  
  19  1:41  Factory, Orbital Command  
  19  1:50  Barracks Tech Lab  
  19  1:52  Supply Depot  
  19  2:06  SCV  
  20  2:18  SCV  
Show
View Real Time Build Order
Export as new Build Order

EndlessAgony Zerg 

Build Orders: Hatch First 

Get SALT Encoding   

  12  0:01  Drone  
  13  0:13  Overlord  
  13  0:18  Drone  
  14  0:31  Drone x2  
  16  0:51  Hatchery  
  16  0:54  Drone  
  16  1:01  Drone, Extractor  
  16  1:16  Spawning Pool  
  15  1:19  Drone  
  15  1:24  Drone  
  17  1:26  Drone  
  17  1:31  Drone  
  19  1:41  Drone  
  20  2:03  Queen  
  20  2:04  Queen  
  20  2:07  Zergling x2  
  25  2:13  Zergling x4  
  27  2:20  Overlord  
  27  2:23  Zergling x2  
Show
View Real Time Build Order
Export as new Build Order

PureLegacy Terran - Winner!

Build Orders:  

Get SALT Encoding   

  12  0:08  Supply Depot  
  12  0:30  Barracks  
  12  0:34  Barracks  
  12  0:36  Barracks  
  12  0:44  Barracks  
  12  0:53  Barracks  
  12  1:05  Barracks  
  12  1:09  Refinery  
  12  1:17  Refinery  
  12  1:20  Reaper  
  12  1:23  Reaper  
  14  1:27  Reaper  
  15  1:34  Reaper  
  16  1:41  Reaper  
  17  1:54  Reaper x2  
  17  1:59  Reaper  
  20  2:03  Reaper  
  20  2:04  Supply Depot  
  20  2:08  Reaper  
Show
View Real Time Build Order
Export as new Build Order

KirO Terran - Winner!

Build Orders:  

Get SALT Encoding   

  12  0:13  Refinery  
  12  0:52  Refinery  
  12  1:42  SCV  
  13  2:13  SCV  
  14  2:30  SCV  
Tags
 
Add a new tag
Caveats
  • Supply blocks, unpowered buildings, or Contaminate may cause inaccurate times.
  • Supply counts are checked every 10 seconds.